[Event "Titled Tuesday Blitz September 27 Early 2022"]
[White "Gilmanov, Mansur"]
[Black "Melikhov, Evgeny V."]
[WhiteFideId "4166868"]
[BlackFideId "4122046"]
[WhiteElo "2377"]
[BlackElo "1963"]
[Result "1-0"]
[Round "04"]
[TimeControl "180+1"]
[Date "2022.09.27"]
[WhiteClock "0:01:23"]
[BlackClock "0:00:33"]

1. d4 Nf6 2. Bg5 e6 3. e3 h6 4. Bh4 c5 5. c3 cxd4 6. exd4 Be7 7. Nd2 O-O 8. Bd3 b6 9. Ngf3 Ba6 10. Bxa6 Nxa6 11. O-O Nc7 12. Bxf6 Bxf6 13. Ne4 Be7 14. Ne5 Nd5 15. Qf3 Nf6 16. Nxf6+ Bxf6 17. Rae1 d6 18. Ng4 Be7 19. Qg3 Kh8 20. Re3 Bh4 21. Qh3 f5 22. Nxh6 gxh6 23. Rxe6 Rf6 24. Rfe1 Rxe6 25. Rxe6 Kg7 26. g3 Bf6 27. Qxf5 Qf8 28. Qg4+ Kh8 29. Qf4 Bg7 30. Qxd6 Qxd6 31. Rxd6 Re8 32. Kf1 Re7 33. f4 Re3 34. Kf2 Rd3 35. Ke2 1-0


[Site "https://www.chess.com"]

[Event "Titled Tuesday Blitz September 27 Early 2022"]
[White "Goltsev, Dmitry"]
[Black "Domingo Nunez, Ruben"]
[WhiteFideId "24176710"]
[BlackFideId "22245570"]
[WhiteElo "2257"]
[BlackElo "2406"]
[Result "1-0"]
[Round "04"]
[TimeControl "180+1"]
[Date "2022.09.27"]
[WhiteClock "0:01:28"]
[BlackClock "0:00:25"]

1. e4 g6 2. Nf3 Bg7 3. Nc3 c6 4. d4 d5 5. e5 f6 6. exf6 Nxf6 7. Bf4 Bg4 8. h3 Bxf3 9. Qxf3 O-O 10. Qe3 Nbd7 11. O-O-O Nh5 12. Bg5 Bf6 13. Bh6 Bg7 14. Bxg7 Kxg7 15. g3 Nhf6 16. f4 b5 17. Bd3 b4 18. Ne2 Qa5 19. Kb1 c5 20. dxc5 Qxc5 21. Nd4 Kh8 22. Rde1 Rac8 23. Ne6 Qxe3 24. Rxe3 Rf7 25. Rhe1 Ng8 26. h4 Nc5 27. Ng5 Rf6 28. h5 Kg7 29. hxg6 hxg6 30. Rh1 Nxd3 31. Rxd3 Nh6 32. Rxd5 Rfc6 33. Rd7 Nf5 34. Rh7+ Kg8 35. Rd2 Ne3 36. Rdh2 Rxc2 37. Rh8+ Kg7 38. R2h7+ Kf6 39. Rf7# 1-0


[Site "https://www.chess.com"]

[Event "Titled Tuesday Blitz September 27 Early 2022"]
[White "Goncalves, Davi Sulzbacher"]
[Black "Shashikant, Kutwal"]
[WhiteFideId "2154510"]
[BlackFideId "5006520"]
[WhiteElo "2107"]
[BlackElo "2321"]
[Result "1/2-1/2"]
[Round "04"]
[TimeControl "180+1"]
[Date "2022.09.27"]
[WhiteClock "0:00:39"]
[BlackClock "0:00:07"]

1. Nf3 Nf6 2. d4 g6 3. c4 Bg7 4. Nc3 O-O 5. e4 d6 6. Be2 e5 7. O-O Na6 8. a3 c6 9. b4 Nc7 10. d5 a5 11. Be3 Na6 12. dxc6 bxc6 13. c5 dxc5 14. bxc5 Qxd1 15. Rfxd1 Ng4 16. Na4 Nxe3 17. fxe3 Be6 18. Rab1 Bh6 19. Kf2 f5 20. exf5 Bxf5 21. e4 Bxe4 22. Rb7 Bc2 23. Bc4+ Kh8 24. Rdd7 g5 25. Nb6 Nxc5 26. Nxa8 Nxd7 27. Rxd7 Rxa8 28. Nxe5 Rf8+ 29. Kg3 Bg6 30. Bf7 Bxf7 31. Nxf7+ Kg7 32. Nxg5+ Kg6 33. Ne6 Rf6 34. Rd6 Kf5 35. Nd4+ Ke5 36. Rxf6 Kxf6 37. Nxc6 a4 38. Nd4 Bf8 39. Nb5 Kf5 40. Kf3 h5 41. g3 Kg5 42. h3 Kg6 43. g4 hxg4+ 44. Kxg4 Be7 45. h4 Kh7 46. h5 Bf8 47. Kg5 Be7+ 48. Kf5 Kh6 49. Kg4 Bf8 50. Nc3 Bxa3 51. Nxa4 Be7 52. Nc3 Kh7 53. Nd5 Bd8 54. Ne3 Bf6 55. Nf5 Ba1 56. Kg5 Bb2 57. Ng3 Bc1+ 58. Kg4 Bb2 59. Ne4 Bc1 60. Kf5 Be3 61. Nf6+ Kh8 62. Kg6 Bc1 63. Nd5 Bd2 64. Ne7 Bc1 65. Nf5 Bd2 66. Nd6 Bc1 67. Nf7+ Kg8 68. Nd6 Kh8 69. Nf5 Kg8 70. h6 Bxh6 1/2-1/2


[Site "https://www.chess.com"]

[Event "Titled Tuesday Blitz September 27 Early 2022"]
[White "Gracia Alvarez, Gerardo Antonio"]
[Black "Bobomurodova, Maftuna"]
[WhiteFideId "5109124"]
[BlackFideId "14207400"]
[WhiteElo "2139"]
[BlackElo "1548"]
[Result "1-0"]
[Round "04"]
[TimeControl "180+1"]
[Date "2022.09.27"]
[WhiteClock "0:00:07"]
[BlackClock "0:00:58"]

1. d4 Nf6 2. Bf4 d5 3. Nf3 c5 4. e3 Nc6 5. Nbd2 Qb6 6. dxc5 Qxb2 7. Rb1 Qc3 8. Bb5 Qxc5 9. c4 e6 10. O-O Bd7 11. Qa4 Be7 12. cxd5 Nxd5 13. Ne4 Qa3 14. Qc4 O-O 15. Bg3 a6 16. Bxc6 Bxc6 17. Nd4 Rac8 18. Qe2 b5 19. h4 Ba8 20. h5 Nc3 21. Nxc3 Rxc3 22. Qg4 Bf6 23. h6 g6 24. Nf3 Rc4 25. Qh3 Qxa2 26. Ne5 Bxe5 27. Bxe5 Bd5 28. Qg3 f6 29. Bd4 e5 30. Ba1 Rfc8 31. Rbd1 Bf7 32. Qf3 R4c7 33. Qxf6 Bc4 34. Bxe5 Bxf1 35. Qh8+ Kf7 36. Bxc7 Bc4 37. Qxc8 1-0


[Site "https://www.chess.com"]

[Event "Titled Tuesday Blitz September 27 Early 2022"]
[White "Gu, Xiaobing"]
[Black "Ernst, Sipke"]
[WhiteFideId "8602611"]
[BlackFideId "1004689"]
[WhiteElo "2174"]
[BlackElo "2436"]
[Result "0-1"]
[Round "04"]
[TimeControl "180+1"]
[Date "2022.09.27"]
[WhiteClock "0:00:02"]
[BlackClock "0:00:05"]

1. e4 e5 2. Nc3 Nf6 3. g3 d5 4. exd5 Nxd5 5. Bg2 Nxc3 6. bxc3 Nc6 7. Nf3 Bd6 8. O-O O-O 9. Re1 Bg4 10. Rb1 Rb8 11. h3 Bh5 12. d4 Re8 13. g4 Bg6 14. dxe5 Nxe5 15. Nxe5 Bxe5 16. Qxd8 Rbxd8 17. Rxb7 Bxc2 18. Be3 a5 19. c4 Ba4 20. Bd5 Bd7 21. Bd2 a4 22. Bg5 Rc8 23. Rd1 h6 24. Be3 Rcd8 25. Bc5 Bf4 26. Kf1 h5 27. Bf3 hxg4 28. hxg4 Be6 29. Rxd8 Bxc4+ 30. Be2 Bxe2+ 31. Ke1 Rxd8 32. Kxe2 Rd5 33. Be3 Re5 34. Ra7 Bxe3 35. fxe3 Re4 36. Kf3 Rc4 37. a3 g6 38. g5 Kg7 39. e4 Kf8 40. Kf4 Ke7 41. Ke5 Rc5+ 42. Kf4 Rc4 43. Ke5 Kf8 44. Kf6 Rc6+ 45. Ke5 Rc5+ 46. Kf6 Rc6+ 47. Ke5 Rc3 48. Rxa4 Ke7 49. Ra7 Kd7 50. a4 Rg3 51. Kf4 Rg1 52. a5 Rf1+ 53. Ke5 Kc6 54. Ra8 Rf3 55. a6 Kb6 0-1


[Site "https://www.chess.com"]

[Event "Titled Tuesday Blitz September 27 Early 2022"]
[White "Guerrero Olmos, Sergio"]
[Black "Albertini, Luca"]
[WhiteFideId "2257238"]
[BlackFideId "847038"]
[WhiteElo "2259"]
[BlackElo "2207"]
[Result "1-0"]
[Round "04"]
[TimeControl "180+1"]
[Date "2022.09.27"]
[WhiteClock "0:01:11"]
[BlackClock "0:01:53"]

1. d4 d5 2. Nf3 Nf6 3. Bf4 Bf5 4. e3 c5 5. c3 Qb6 6. Qb3 c4 7. Qxb6 axb6 8. Na3 Nc6 9. Nb5 Ra5 10. a4 Kd7 11. h3 h6 12. Be2 g5 13. Bc7 Ra6 14. O-O Bg7 15. Bh2 Ne4 16. Rfd1 Nd6 17. Nxd6 exd6 18. b3 Bc2 19. bxc4 Bxd1 20. Rxd1 Rxa4 21. cxd5 Na5 22. Bb5+ Ke7 23. Bxa4 Ra8 24. Bb5 Nb3 25. c4 Ra2 26. Bg3 f5 27. Rb1 Na5 28. h4 Bf6 29. hxg5 hxg5 30. Kf1 Rc2 31. Ne1 Rc3 32. Ke2 f4 33. exf4 gxf4 34. Bxf4 Bxd4 35. Bd2 Ra3 36. Nc2 1-0


[Site "https://www.chess.com"]

[Event "Titled Tuesday Blitz September 27 Early 2022"]
[White "Gulevich, Artem"]
[Black "Jakubowski, Krzysztof"]
[WhiteFideId "24119580"]
[BlackFideId "1112848"]
[WhiteElo "2218"]
[BlackElo "2306"]
[Result "0-1"]
[Round "04"]
[TimeControl "180+1"]
[Date "2022.09.27"]
[WhiteClock "0:01:11"]
[BlackClock "0:01:35"]

1. Nf3 d5 2. b3 Bf5 3. Bb2 e6 4. e3 Nd7 5. Be2 h6 6. O-O Ngf6 7. d4 Be7 8. Nbd2 O-O 9. c4 a5 10. a3 c6 11. Bc3 Qb8 12. Ne5 Nxe5 13. dxe5 Nd7 14. f4 Rd8 15. Qc1 Qa7 16. Nf3 Nc5 17. Qb2 Ne4 18. Bd4 c5 19. Bc3 d4 20. Bd2 a4 21. exd4 cxd4 22. Bd3 axb3 23. Qxb3 Nc5 0-1


[Site "https://www.chess.com"]

[Event "Titled Tuesday Blitz September 27 Early 2022"]
[White "Guliev, Logman"]
[Black "Foerster-Yialamas, Lucas"]
[WhiteFideId "13400061"]
[BlackFideId "30901774"]
[WhiteElo "2128"]
[BlackElo "1804"]
[Result "1-0"]
[Round "04"]
[TimeControl "180+1"]
[Date "2022.09.27"]
[WhiteClock "0:00:10"]
[BlackClock "0:00:17"]

1. c4 c5 2. g3 Nc6 3. Bg2 Nf6 4. Nf3 d5 5. cxd5 Nxd5 6. O-O e5 7. Nc3 Be6 8. d3 Be7 9. Bd2 O-O 10. Rc1 Qd7 11. Nxd5 Bxd5 12. Bc3 f6 13. Qa4 Rfd8 14. Nd2 Nd4 15. Bxd5+ Qxd5 16. Bxd4 exd4 17. Qc4 b6 18. a4 Kf7 19. Qa6 Qf5 20. Rfe1 Rd5 21. Nc4 Qh3 22. Qb7 Rad8 23. e3 R8d7 24. Qc6 dxe3 25. Rxe3 Rxd3 26. Rxd3 Rxd3 27. Re1 Qd7 28. Qe4 Rd1 29. Rxd1 Qxd1+ 30. Kg2 g6 31. Ne3 Qd7 32. b3 f5 33. Qa8 Kg7 34. Nd5 Bf6 35. Qg8+ Kh6 36. Nxf6 Qe7 37. Nd5 Qe4+ 38. f3 Qe2+ 39. Kh3 Qxf3 40. Qf8+ Kh5 41. Nf4+ Kg5 42. Qd8+ Kh6 43. Qh4+ Kg7 44. Ne6+ Kg8 45. Qxh7+ Kxh7 46. Ng5+ Kg7 47. Nxf3 Kf6 48. Kg2 a6 49. Kf2 b5 50. a5 Ke6 51. Ke3 Kd5 52. h4 c4 53. b4 c3 54. Kd3 c2 55. Kxc2 Kc4 56. Ne5+ Kxb4 57. Nxg6 Kxa5 58. h5 Ka4 59. h6 Ka3 60. h7 b4 61. h8=Q b3+ 62. Kb1 f4 63. Qc3 fxg3 64. Qxg3 a5 65. Ne5 a4 66. Qg4 b2 67. Nc4+ Kb3 68. Nxb2 a3 69. Qc4# 1-0


[Site "https://www.chess.com"]

[Event "Titled Tuesday Blitz September 27 Early 2022"]
[White "Guz, Ari"]
[Black "Wirig, Anthony"]
[WhiteFideId "2825759"]
[BlackFideId "615013"]
[WhiteElo "1913"]
[BlackElo "2474"]
[Result "0-1"]
[Round "04"]
[TimeControl "180+1"]
[Date "2022.09.27"]
[WhiteClock "0:00:12"]
[BlackClock "0:00:04"]

1. e4 c5 2. Nf3 e6 3. c3 Nf6 4. e5 Nd5 5. Bc4 d6 6. d4 cxd4 7. cxd4 Nb6 8. Bb5+ Bd7 9. Bxd7+ Qxd7 10. Nc3 d5 11. O-O Nc6 12. Be3 h6 13. h4 Be7 14. h5 f6 15. exf6 Bxf6 16. Qd3 O-O 17. Qg6 Qf7 18. Qxf7+ Rxf7 19. Rfe1 Re8 20. Rad1 a6 21. b3 Bd8 22. Nh2 Bc7 23. g4 Bd6 24. Ne2 Nd7 25. Kg2 Ref8 26. Ng3 Nf6 27. f3 Re8 28. Bf2 e5 29. Nf5 Bb4 30. dxe5 Bxe1 31. exf6 Bxf2 32. Kxf2 Rxf6 33. Rxd5 Rd8 34. Rxd8+ Nxd8 35. Nf1 Kf7 36. N1e3 Rc6 37. Nc4 Kf6 38. Nd4 Rc8 39. Nd6 Rc1 40. Ke3 Re1+ 41. Kd2 Ra1 42. a4 b6 43. Nc4 Ne6 44. Nxe6 Kxe6 45. Nxb6 Rb1 46. Kc2 Rf1 47. b4 Rxf3 48. Nc4 Rf4 49. Kc3 Rxg4 50. b5 axb5 51. axb5 Rh4 52. b6 Kd7 53. Ne5+ Kc8 54. Nd3 Rxh5 55. Kc4 Kb7 0-1


[Site "https://www.chess.com"]

[Event "Titled Tuesday Blitz September 27 Early 2022"]
[White "Hafiz, Arif Abdul"]
[Black "Poltorak, Sebastian"]
[WhiteFideId "7104227"]
[BlackFideId "1199498"]
[WhiteElo "2198"]
[BlackElo "2104"]
[Result "1-0"]
[Round "04"]
[TimeControl "180+1"]
[Date "2022.09.27"]
[WhiteClock "0:00:14"]
[BlackClock "0:00:02"]

1. e4 c6 2. d4 d5 3. e5 c5 4. dxc5 e6 5. Be3 Nd7 6. f4 Bxc5 7. Bxc5 Nxc5 8. Nc3 Bd7 9. Nf3 Ne7 10. Bd3 Qb6 11. Qd2 Rc8 12. O-O-O a6 13. f5 Nxd3+ 14. Qxd3 Nxf5 15. Kb1 Bb5 16. Qd2 O-O 17. Rhe1 Rfd8 18. g4 Ne7 19. Nd4 Nc6 20. Nf3 Na5 21. Qd4 Qxd4 22. Nxd4 Be8 23. Nce2 Nc4 24. Nf4 Na5 25. b3 Nc6 26. Nf3 Rc7 27. a3 Rdc8 28. Rd2 Na7 29. Kb2 a5 30. h4 Nb5 31. a4 Nc3 32. Nd4 Ne4 33. Rg2 Nc3 34. g5 b5 35. axb5 Nxb5 36. Nxb5 Bxb5 37. Ra1 Ra7 38. h5 a4 39. h6 g6 40. Rd2 Kf8 41. Ng2 Rca8 42. Ra3 axb3 43. Rxa7 Rxa7 44. cxb3 Ke7 45. Ne3 Bd7 46. Ng4 Rb7 47. Rd4 Bb5 48. Nf6 Bc4 49. Nxh7 Rxb3+ 50. Kc2 Rh3 51. Nf6 Kd8 52. Rf4 Ke7 53. Kc1 Kd8 54. Rf2 Ke7 55. Rb2 Rh1+ 56. Kd2 Rh2+ 57. Kc1 Rh1+ 58. Kc2 Rh2+ 59. Kc3 Rh3+ 60. Kd4 Rh4+ 61. Kc5 Bd3 62. Rb7+ Kd8 63. Rb8+ Kc7 64. Rb4 Rh1 65. h7 Bf5 66. Ra4 Kb7 67. Kd6 1-0


[Site "https://www.chess.com"]

[Event "Titled Tuesday Blitz September 27 Early 2022"]
[White "Hambleton, Aman"]
[Black "Suleymanli, Suleyman"]
[WhiteFideId "2606577"]
[BlackFideId "13416375"]
[WhiteElo "2538"]
[BlackElo "1652"]
[Result "0-1"]
[Round "04"]
[TimeControl "180+1"]
[Date "2022.09.27"]
[WhiteClock "0:00:02"]
[BlackClock "0:01:23"]

1. d4 d5 2. Bf4 Nf6 3. e3 e6 4. Nf3 Bd6 5. Nbd2 Bxf4 6. exf4 c5 7. dxc5 Qa5 8. Bd3 Qxc5 9. O-O Nc6 10. Nb3 Qb6 11. c3 O-O 12. Qe2 Bd7 13. Rfe1 Rfe8 14. Nbd4 Rad8 15. g3 Bc8 16. Rad1 g6 17. Kg2 Qc7 18. Bc2 a6 19. Ne5 Nxe5 20. fxe5 Nd7 21. h4 f6 22. Nf3 fxe5 23. Nxe5 Nxe5 24. Qxe5 Qxe5 25. Rxe5 Bd7 26. f4 Kf7 27. h5 Kf6 28. hxg6 hxg6 29. Rg5 Rg8 30. Kf2 Rg7 31. Rh1 Rdg8 32. Ke3 b6 33. Kd4 Be8 34. Bd3 a5 35. Rh6 Bf7 36. Re5 Ke7 37. Rg5 Kf6 38. Rh2 Rb8 39. Re2 Rh8 40. a3 Rh3 41. b4 a4 42. c4 dxc4 43. Bxc4 Rh5 44. Rxh5 gxh5 45. Re3 h4 46. gxh4 Rg4 47. Rf3 Rxh4 48. Ke3 Ke7 49. Bb5 Bh5 50. Rg3 Bd1 51. Ke4 Bc2+ 52. Kd4 Rxf4+ 53. Kc3 Bb3 54. Re3 Kd6 55. Bd3 e5 56. Rg3 e4 57. Be2 Ke5 58. Rg5+ Kf6 59. Rb5 Rf2 60. Rxb6+ Ke5 61. Ba6 Rc2# 0-1


[Site "https://www.chess.com"]

[Event "Titled Tuesday Blitz September 27 Early 2022"]
[White "Hansen, Eric"]
[Black "Piesik, Piotr"]
[WhiteFideId "2606771"]
[BlackFideId "1136194"]
[WhiteElo "2568"]
[BlackElo "2221"]
[Result "1-0"]
[Round "04"]
[TimeControl "180+1"]
[Date "2022.09.27"]
[WhiteClock "0:00:03"]
[BlackClock "0:00:01"]

1. e4 c6 2. Nf3 d5 3. d3 g6 4. g3 Bg7 5. Bg2 dxe4 6. dxe4 Qxd1+ 7. Kxd1 e5 8. Nbd2 Be6 9. Ng5 Bd7 10. Nc4 Ke7 11. b3 b6 12. Ba3+ c5 13. Bb2 f6 14. Nf3 Bc6 15. Nfd2 Bh6 16. Ke2 Na6 17. Ne3 Bxe3 18. Kxe3 Nb4 19. Rhc1 Nh6 20. a3 Ng4+ 21. Ke2 Na6 22. h3 Nh6 23. f4 Nf7 24. Ke3 Nc7 25. Nc4 exf4+ 26. gxf4 Rhd8 27. Bf1 Ne6 28. Rd1 Rac8 29. a4 Rc7 30. h4 Rcd7 31. Rxd7+ Rxd7 32. Bh3 Rd8 33. Rf1 Nd4 34. Rf2 Nd6 35. Nxd6 Rxd6 36. e5 fxe5 37. fxe5 Rd8 38. e6 Nf5+ 39. Bxf5 gxf5 40. Rxf5 Kxe6 41. Rh5 Re8 42. Rxh7 Kf5+ 43. Kd2 Bf3 44. Bc3 Re2+ 45. Kc1 Be4 46. Bd2 a5 47. h5 Kg4 48. Rh8 Rf2 49. h6 Rf1+ 50. Kb2 Rf2 51. Rd8 Rh2 52. Rd6 Kf5 53. Kc1 1-0


[Site "https://www.chess.com"]

[Event "Titled Tuesday Blitz September 27 Early 2022"]
[White "Harsh Suresh"]
[Black "Yurovskykh, Oleksandr"]
[WhiteFideId "45018464"]
[BlackFideId "14134020"]
[WhiteElo "2070"]
[BlackElo "2303"]
[Result "1-0"]
[Round "04"]
[TimeControl "180+1"]
[Date "2022.09.27"]
[WhiteClock "0:00:55"]
[BlackClock "0:00:21"]

1. e4 d5 2. exd5 Qxd5 3. Nf3 Bg4 4. Be2 Nc6 5. d4 O-O-O 6. Be3 e5 7. c4 Qa5+ 8. Bd2 Bb4 9. d5 Bxf3 10. Bxf3 Nd4 11. Nc3 Qa6 12. Be2 Nf6 13. a3 Nxe2 14. Qxe2 Rhe8 15. Rd1 Bxc3 16. Bxc3 Nd7 17. O-O Kb8 18. Qh5 Qg6 19. Qxg6 hxg6 20. Rfe1 f6 21. g3 g5 22. Kg2 Nb6 23. b3 c6 24. Ba5 cxd5 25. c5 Nc8 26. Bxd8 Rxd8 27. f4 gxf4 28. gxf4 exf4 29. Kf3 g5 30. Re6 Rh8 31. Rxd5 Rh3+ 32. Kg4 Rxb3 33. Rxf6 Rxa3 34. Rxg5 Ra2 35. h4 Rh2 36. Rf8 a5 37. Rgg8 Rg2+ 38. Kxf4 Rxg8 39. Rxg8 a4 40. h5 Kc7 1-0


[Site "https://www.chess.com"]

[Event "Titled Tuesday Blitz September 27 Early 2022"]
[White "Harshad S"]
[Black "Perez Gormaz, Matias"]
[WhiteFideId "46616551"]
[BlackFideId "3406342"]
[WhiteElo "2046"]
[BlackElo "2341"]
[Result "1-0"]
[Round "04"]
[TimeControl "180+1"]
[Date "2022.09.27"]
[WhiteClock "0:00:19"]
[BlackClock "0:00:02"]

1. e4 c5 2. Be2 d5 3. exd5 Nf6 4. Nf3 Nxd5 5. d4 e6 6. c4 Nf6 7. Nc3 cxd4 8. Nxd4 Be7 9. O-O O-O 10. Bf4 Nbd7 11. Bg3 a6 12. Bf3 Re8 13. Re1 Nf8 14. Nb3 N8d7 15. a3 Ra7 16. Qd4 b6 17. Rad1 Bb7 18. Bxb7 Rxb7 19. Ne4 Nxe4 20. Qxe4 Qc8 21. Nd4 Nf6 22. Qf3 Rd7 23. Nc6 Bf8 24. h3 b5 25. cxb5 axb5 26. Ne5 Rxd1 27. Rxd1 Qa8 28. Qe2 b4 29. axb4 Bxb4 30. Qb5 Bf8 31. Bh4 Rb8 32. Qe2 Nd5 33. Bg3 Rc8 34. Kh2 Qb7 35. Rd2 Bb4 36. Rd4 Bf8 37. Qd2 Bb4 38. Qe2 Bf8 39. Nc4 Qa6 40. b3 Qb5 41. Qf3 h6 42. Rg4 Qe8 43. Bd6 Kh8 44. Be5 f6 45. Bb2 Qf7 46. g3 e5 47. Nxe5 Qe8 48. Ng6+ Kh7 49. Qxd5 Qe3 50. fxe3 1-0


[Site "https://www.chess.com"]

[Event "Titled Tuesday Blitz September 27 Early 2022"]
[White "Howell, David W L"]
[Black "Korelskiy, Egor"]
[WhiteFideId "410608"]
[BlackFideId "34329064"]
[WhiteElo "2559"]
[BlackElo "2071"]
[Result "1-0"]
[Round "04"]
[TimeControl "180+1"]
[Date "2022.09.27"]
[WhiteClock "0:00:29"]
[BlackClock "0:00:01"]

1. Nc3 d5 2. d4 Nf6 3. Bf4 e6 4. Nb5 Bb4+ 5. c3 Ba5 6. a4 a6 7. b4 axb5 8. axb5 b6 9. bxa5 bxa5 10. e3 Bb7 11. Bd3 Nbd7 12. Nf3 O-O 13. O-O Nb6 14. Nd2 Qe7 15. Qc2 Rfc8 16. Bg5 h6 17. Bh4 a4 18. e4 dxe4 19. Nxe4 Bxe4 20. Bxe4 Ra7 21. Bc6 a3 22. Ra2 Qd6 23. Rfa1 Nbd5 24. Qb3 Ne4 25. Bg3 Qe7 26. c4 Ndf6 27. Rxa3 Rxa3 28. Qxa3 Qxa3 29. Rxa3 Nxg3 30. hxg3 Rd8 31. Ra8 1-0


[Site "https://www.chess.com"]

[Event "Titled Tuesday Blitz September 27 Early 2022"]
[White "Hristodoulou, Panagiotis"]
[Black "Gajwa Ankit"]
[WhiteFideId "4214340"]
[BlackFideId "5077834"]
[WhiteElo "2172"]
[BlackElo "2036"]
[Result "0-1"]
[Round "04"]
[TimeControl "180+1"]
[Date "2022.09.27"]
[WhiteClock "0:00:22"]
[BlackClock "0:01:20"]

1. e4 c5 2. Nf3 d6 3. d4 cxd4 4. Nxd4 Nf6 5. Nc3 g6 6. Be2 Bg7 7. Be3 O-O 8. O-O Nc6 9. Qd2 d5 10. exd5 Nxd5 11. Nxd5 Qxd5 12. Bf3 Qd8 13. Rad1 Bd7 14. Nxc6 Bxc6 15. Bxc6 bxc6 16. Qb4 Qc7 17. b3 a5 18. Qc4 a4 19. Rd3 axb3 20. axb3 Rfd8 21. Rfd1 Rxd3 22. Qxd3 Be5 23. g3 Kf8 24. Qe4 Ra1 25. Rxa1 Bxa1 26. Bf4 Qd7 27. Kg2 f5 28. Qc4 Qd5+ 29. Qxd5 cxd5 30. Kf3 e5 31. Ke2 exf4 0-1


[Site "https://www.chess.com"]

[Event "Titled Tuesday Blitz September 27 Early 2022"]
[White "Ilkhomi, Jaloliddin"]
[Black "Ferguson, Randal"]
[WhiteFideId "14700948"]
[BlackFideId "30903106"]
[WhiteElo "1440"]
[BlackElo "2074"]
[Result "1-0"]
[Round "04"]
[TimeControl "180+1"]
[Date "2022.09.27"]
[WhiteClock "0:00:28"]
[BlackClock "0:00:04"]

1. d4 Nf6 2. Nf3 g6 3. Bg5 Bg7 4. c3 Ne4 5. Bh4 d5 6. Nbd2 O-O 7. e3 Bf5 8. Nxe4 Bxe4 9. Bd3 Bxf3 10. Qxf3 c6 11. O-O Nd7 12. e4 dxe4 13. Qxe4 Nf6 14. Qe2 Qd7 15. Rfe1 Rfe8 16. Rad1 Rad8 17. Bc4 Nd5 18. Qf3 a5 19. Re2 Ra8 20. Rde1 e6 21. a4 Qc7 22. Bg3 Qb6 23. b3 Qd8 24. h4 h5 25. Re4 Qd7 26. Be5 Bxe5 27. Rxe5 Qe7 28. Rg5 Rad8 29. Bd3 Qf6 30. Qxh5 Nf4 31. Qf3 e5 32. Rexe5 Rxe5 33. dxe5 Rxd3 34. exf6 Rxf3 35. gxf3 Nh3+ 36. Kf1 Nxg5 37. hxg5 Kf8 38. Ke2 Ke8 39. Ke3 Kd7 40. Ke4 Ke6 41. f4 Kd6 42. f5 gxf5+ 43. Kxf5 b5 44. g6 fxg6+ 45. Kxg6 bxa4 46. bxa4 1-0


[Site "https://www.chess.com"]

[Event "Titled Tuesday Blitz September 27 Early 2022"]
[White "Ismayil, Malak"]
[Black "Brodowski, Piotr"]
[WhiteFideId "13412604"]
[BlackFideId "1124480"]
[WhiteElo "1879"]
[BlackElo "2312"]
[Result "0-1"]
[Round "04"]
[TimeControl "180+1"]
[Date "2022.09.27"]
[WhiteClock "0:00:05"]
[BlackClock "0:00:57"]

1. e4 c5 2. Nf3 g6 3. Nc3 Bg7 4. Bc4 Nc6 5. O-O a6 6. a3 d6 7. d3 Nf6 8. Bg5 h6 9. Bf4 O-O 10. h3 e5 11. Be3 b5 12. Bd5 Nxd5 13. Nxd5 Be6 14. Qd2 Kh7 15. Nh2 f5 16. f3 Rb8 17. Rab1 Bxd5 18. exd5 Ne7 19. c4 bxc4 20. dxc4 Rb3 21. Rfe1 Qb6 22. Nf1 Rb8 23. Re2 a5 24. Qc2 a4 25. Bc1 Rxa3 26. Nd2 Rb3 27. Nxb3 Qxb3 28. Ra1 Rb4 29. Qxb3 axb3 30. Ra7 Bf6 31. Bd2 Rxc4 32. Rb7 Kg8 33. Rb8+ Kf7 34. Rxb3 Nxd5 35. Rb7+ Ke6 36. Kf2 h5 37. b3 Rc2 38. g3 h4 39. g4 Rb2 40. Bc1 Rb1 41. Rc2 Nb4 42. Rc4 Rxb3 43. Bd2 Nd3+ 0-1


[Site "https://www.chess.com"]

[Event "Titled Tuesday Blitz September 27 Early 2022"]
[White "Iturrizaga Bonelli, Eduardo"]
[Black "Nakamura, Hikaru"]
[WhiteFideId "3901211"]
[BlackFideId "2016192"]
[WhiteElo "2629"]
[BlackElo "2850"]
[Result "0-1"]
[Round "04"]
[TimeControl "180+1"]
[Date "2022.09.27"]
[WhiteClock "0:00:04"]
[BlackClock "0:00:10"]

1. d4 g6 2. c4 Bg7 3. e4 d6 4. Nc3 Nf6 5. Be2 O-O 6. Be3 e5 7. d5 a5 8. h4 Na6 9. h5 Nc5 10. Qc2 c6 11. h6 Bh8 12. Nf3 Ng4 13. Bxc5 dxc5 14. Nd2 f5 15. Bxg4 fxg4 16. Nf1 Bf6 17. Rd1 Qc7 18. Ne3 Bg5 19. Qe2 g3 20. fxg3 a4 21. a3 Qb6 22. Rd3 Bd7 23. Ned1 Rf7 24. Rf1 Rxf1+ 25. Kxf1 Bxh6 26. Kg1 Be8 27. dxc6 bxc6 28. Nf2 Bg7 29. Ng4 h5 30. Ne3 Qc7 31. Qd2 Bh6 32. Ned5 Qg7 33. Nf6+ Kh8 34. Nxe8 Rxe8 35. Qf2 Qe7 36. Nxa4 Bf8 37. Rf3 Kg8 38. Nc3 Kg7 39. Qe2 Rd8 40. Rf2 Rd4 41. g4 h4 42. a4 Kg8 43. a5 Bh6 44. a6 Bf4 45. Qe1 Qa7 46. Qa1 Be3 47. Ne2 Rd2 48. Kf1 Qd7 49. Ke1 Rd1+ 50. Qxd1 Bxf2+ 51. Kxf2 Qxd1 0-1


[Site "https://www.chess.com"]

[Event "Titled Tuesday Blitz September 27 Early 2022"]
[White "Janaszak, Dawid"]
[Black "Srihari L R"]
[WhiteFideId "1119206"]
[BlackFideId "46617116"]
[WhiteElo "2165"]
[BlackElo "2208"]
[Result "0-1"]
[Round "04"]
[TimeControl "180+1"]
[Date "2022.09.27"]
[WhiteClock "0:00:16"]
[BlackClock "0:00:19"]

1. d4 d6 2. e4 Nf6 3. Nc3 e5 4. Nge2 exd4 5. Nxd4 Be7 6. Bf4 O-O 7. Qd2 d5 8. e5 Ne8 9. Nf3 c6 10. Bd3 Nc7 11. O-O-O Nba6 12. h4 Nb4 13. Ng5 h6 14. Nf3 Nxd3+ 15. Qxd3 Ne6 16. Be3 Bc5 17. Bxc5 Nxc5 18. Qe3 Qa5 19. Nd4 Ne6 20. f4 Nxd4 21. Rxd4 Be6 22. Rf1 c5 23. Ra4 Qb6 24. Ne2 d4 25. Qe4 Bd7 26. Ra3 Bc6 27. Qf5 Bb5 28. Qe4 f5 29. Qd5+ Kh7 30. Re1 Rad8 31. Qf3 Bc6 32. Qb3 Bxg2 33. Qxb6 axb6 34. Rb3 c4 35. Rxb6 d3 36. cxd3 cxd3 37. Kd2 dxe2+ 38. Kxe2 Be4 39. Rc1 Rf7 40. Rc3 Rfd7 41. Ke3 Rd1 42. e6 Re1+ 43. Kf2 Rh1 44. e7 Re8 45. Rc7 Rxh4 46. Rd6 Kg8 47. Ke3 Kf7 48. Rdd7 Bc6 49. Rd6 Rxe7+ 50. Rxe7+ Kxe7 51. Rg6 Rg4 0-1


[Site "https://www.chess.com"]

[Event "Titled Tuesday Blitz September 27 Early 2022"]
[White "Jeet, Jain"]
[Black "Bryakin, Mikhail"]
[WhiteFideId "5073022"]
[BlackFideId "4165314"]
[WhiteElo "2055"]
[BlackElo "2357"]
[Result "1-0"]
[Round "04"]
[TimeControl "180+1"]
[Date "2022.09.27"]
[WhiteClock "0:00:11"]
[BlackClock "0:00:02"]

1. d4 Nf6 2. Nf3 g6 3. Bf4 Bg7 4. e3 O-O 5. h3 d6 6. c3 Re8 7. Nbd2 Nbd7 8. Bh2 b6 9. Be2 Bb7 10. O-O e5 11. a4 a6 12. Qc2 e4 13. Ne1 h5 14. a5 b5 15. c4 b4 16. c5 dxc5 17. dxc5 Bd5 18. Bc4 c6 19. Nb3 Qe7 20. Bd6 Qd8 21. Rd1 Qc8 22. Qe2 Qb7 23. Nc2 Bxc4 24. Qxc4 Nd5 25. Ncd4 N7f6 26. Rd2 Rac8 27. Rfd1 h4 28. Nc2 Nh5 29. Ncd4 Kh7 30. Nxc6 Qxc6 31. Rxd5 f5 32. Qxb4 Bxb2 33. Qb6 Qa4 34. Bh2 Bg7 35. Rd7 Rc6 36. Qb7 Rg8 37. Be5 Kh6 38. Bxg7+ Rxg7 39. Rxg7 Nxg7 40. Rd7 Nh5 41. Rh7+ Kg5 42. Qe7+ Rf6 43. Nd4 Qa1+ 44. Kh2 Qa2 45. c6 Qc4 46. f4+ exf3 47. Nxf3# 1-0


[Site "https://www.chess.com"]